 Dungeon Crawl Stone Soup version 0.31.0-1-g2c135a0 (webtiles) character file.

Game seed: 15131055135770681045

69 edsrzf the Trooper (level 4, 0/49 HPs)
             Began as an Oni Brigand on Jan 30, 2024.
             Was an Initiate of Ashenzari.
             Killed by divine providence
             ... invoked by an orc priest
              (17 damage)
             ... on level 3 of the Dungeon.
             The game lasted 00:03:29 (1600 turns).

edsrzf the Trooper (Oni Brigand)                    Turns: 1600, Time: 00:03:29

Health: 0/49       AC:  4    Str: 17    XL:     4   Next: 20%
Magic:  4/4        EV: 14    Int: 12    God:    Ashenzari [......]
Gold:   103        SH:  0    Dex: 10    Spells: 3/3 levels left

rFire   . . .        a - +2 dagger
rCold   . . .        (no shield)
rNeg    . . .        b - +0 robe "Ordeal of Ashenzari" {Dev, Self} (curse)
rPois   .            (helmet restricted)
rElec   .            c - +0 cloak
rCorr   .            (gloves unavailable)
SInv    .            (boots unavailable)
Will    .....        (no amulet)
Stlth   +            g - +5 ring of evasion
HPRegen 0.28/turn    (no ring)
MPRegen 0.09/turn

%: no passive effects
@: confused
A: large, unfitting armour, horns 1, tough skin 1, double potion healing,
drunken brawling
a: Renounce Religion, Curse Item, Shatter the Chains


You were on level 3 of the Dungeon.
You worshipped Ashenzari.
Ashenzari was noncommittal.
You visited 1 branch of the dungeon, and saw 3 of its levels.

You collected 103 gold pieces.

Inventory:

Hand Weapons
 a - a +2 dagger (weapon)
Missiles
 d - 11 poisoned darts (quivered)
 e - 3 curare-tipped darts
Armour
 b - the cursed +0 robe "Ordeal of Ashenzari" (worn) {Dev, Self}

   It has a curse which improves the following skills: Devices: Evocations and
   Shapeshifting.
   Introspection: Fighting and Spellcasting.
 c - a +0 cloak (worn)
Jewellery
 g - a +5 ring of evasion (left hand)
Talismans
 n - a maw talisman
Scrolls
 i - a scroll of vulnerability {unknown}
 l - a scroll of teleportation {unknown}
 m - a scroll of revelation {unknown}
 o - a scroll of identify {unknown}
 p - a scroll of enchant weapon {unknown}
 q - a scroll of amnesia {unknown}
Potions
 f - a potion of cancellation {unknown}
 h - a potion of haste {unknown}
 j - a potion of curing
 k - a potion of mutation {unknown}


   Skills:
 + Level 4.5(4.9) Fighting
 - Level 1.7 Short Blades
 + Level 3.3 Throwing
 - Level 0.8 Dodging
 - Level 2.9 Stealth


You had 3 spell levels left.
You didn't know any spells.
Your spell library was empty.

Dungeon Overview and Level Annotations

Branches:
Dungeon (3/15)

Altars:
Ashenzari


Innate Abilities, Weirdness & Mutations

You are too large for most types of armour.
You have a pair of small horns on your head.
You have tough skin. (AC +1)
You gain doubled healing and magic from potions.
Whenever you drink a healing potion, you attack all around you.


Message History

You hit the orc wizard. Your headbutt misses the orc wizard.
The orc wizard is severely wounded.
The orc wizard closely misses you.
You hit the orc wizard but do no damage.
The orc wizard is severely wounded.
The orc wizard misses you.
The orc priest calls upon Beogh to heal the orc wizard.
The orc wizard is healed somewhat.
You closely miss the orc wizard. You headbutt the orc wizard.
The orc wizard is heavily wounded.
The orc wizard hits you but does no damage.
You hit the orc wizard.
The orc wizard is heavily wounded.
The orc wizard hits you but does no damage.
Okay, then.
You hit the orc wizard but do no damage.
The orc wizard is heavily wounded.
The orc wizard gestures at you while chanting.
You are confused.
You miss the orc wizard.
The orc wizard is heavily wounded.
The orc wizard hits you with a +0 dagger.
You barely miss the orc wizard.
The orc wizard is heavily wounded.
The orc wizard gestures at you while chanting.
You resist with some effort.
You take a swig of the potion and twirl your +2 dagger.
You miss the orc wizard.
The orc wizard is heavily wounded.
It was a potion of curing.
You savour every drop.
You feel better.
The orc priest calls upon Beogh to heal the orc wizard.
The orc wizard is healed somewhat.
The orc wizard hits you with a +0 dagger.
You hit the orc wizard but do no damage.
The orc wizard is lightly wounded.
The orc wizard barely misses you.
You hit the orc wizard.
The orc wizard is moderately wounded.
You completely miss the orc wizard.
The orc wizard is moderately wounded.
The orc wizard closely misses you.
You hit the orc wizard. You headbutt the orc wizard.
The orc wizard is severely wounded.
An orc comes into view. It is wielding a +0 club.
The orc wizard barely misses you.
You hit the orc wizard but do no damage.
The orc wizard is severely wounded.
The orc wizard closely misses you.
You barely miss the orc wizard.
The orc wizard is severely wounded.
The orc wizard barely misses you.
You miss the orc wizard.
The orc wizard is severely wounded.
The orc wizard hits you with a +0 dagger.
The orc priest calls upon Beogh to heal the orc wizard.
The orc wizard is healed somewhat.
You hit the orc wizard.
The orc wizard is heavily wounded.
The orc wizard points at you and mumbles some strange words.
You are confused.
You bump into the rock wall.
The orc wizard barely misses you.
The orc priest looks satisfied for a moment.
You hit the orc wizard.
The orc wizard is heavily wounded.
The orc priest begins to cast a cantrip, but forgets the words!
The orc wizard misses you.
The orc wizard gestures at you while chanting.
The magic dart hits you!
You bump into the rock wall.
You bump into the rock wall.
The orc wizard closely misses you.
You bump into the rock wall.
The orc wizard mumbles some strange words.
The orc wizard flickers and vanishes!
Deactivating autopickup; reactivate with Ctrl-A.
You hit something but do no damage. Something hits you but does no damage.
You bump into the rock wall.
You feel less confused. Something hits you but does no damage.
You hit something. Something barely misses you.
The orc priest looks satisfied for a moment.
You hit something but do no damage.
You hear some strange, mumbled words.
You are confused.
You bump into the rock wall.
Something hits you but does no damage.
You barely miss something. Your headbutt misses something.
You hear some strange, mumbled words.
You are more confused.
The orc priest miscasts a cantrip.
You bump into the rock wall.
Something hits you.
The orc priest casts a cantrip, but nothing happens.
You bump into the rock wall.
Something hits you but does no damage.
You're too confused to move!
Something hits you but does no damage.
You bump into the rock wall.
Something hits you.
You bump into the rock wall.
Something barely misses you.
The orc priest mumbles some strange prayers to Beogh against you.
Beogh smites you!
You bump into the rock wall.
Something barely misses you.
The orc priest calls down the wrath of Beogh upon you.
Beogh smites you!
You die...

#.......).......#.#
#..#######........#
#..# ####.#####
####..# #.# #.....#
# #.###.# # #.# #.#
#@# #{# #o# #S# #o#
... #.. #... #...


You could see an orc priest, an orc and a ball python.

Vanquished Creatures
  An adder (D:2)
  2 ribbon worms
  A dart slug (D:2)
  An orc (D:3)
  5 bats
  6 endoplasms
  4 giant cockroaches
  4 goblins
  3 hobgoblins
  4 jackals (D:2)
  A quokka (D:2)
  A ball python (D:1)
  2 frilled lizards (D:1)
  5 kobolds
  6 rats
46 creatures vanquished.

Notes
Turn   | Place    | Note
-------+----------+-------------------------------------------
     0 | D:1      | edsrzf the Oni Brigand began the quest for the Orb.
     0 | D:1      | Reached XP level 1. HP: 22/22 MP: 1/1
    50 | D:1      | Reached skill level 3 in Fighting
    58 | D:1      | Found a faded altar of an unknown god.
   110 | D:1      | Reached XP level 2. HP: 31/31 MP: 2/2
   130 | D:1      | Prayed at the altar of an unknown god.
   130 | D:1      | Became a worshipper of Ashenzari the Shackled
   791 | D:2      | Reached XP level 3. HP: 39/39 MP: 3/3
  1043 | D:2      | Reached skill level 4 in Fighting
  1043 | D:2      | Reached skill level 3 in Throwing
  1414 | D:3      | Reached XP level 4. HP: 35/49 MP: 4/4
  1573 | D:3      | Identified 2 potions of curing
  1600 | D:3      | Killed from afar by an orc priest

Illustrated notes

Levels and vault maps discovered:
D:1:      psy_arrival_terrarium, layout_basic,
          ebering_ecumenical_altar_petrified
D:2:      layout_loops_ring, minmay_hedge_maze, reono_crystal_passage
D:3:      layout_loops_ring, amcnicky_altar_gilded, uniq_ijyb

Skill      XL: |  1  2  3 |
---------------+----------+-----
Fighting       | 3 4 |  4.5
Throwing       | 3 |  3.3
Short Blades   | |  1.7
Dodging        | |  0.8
Stealth        | |  2.9

Action                     |  1- 3 |  4- 6 || total
---------------------------+-------+-------++-------
  Melee: Dagger            |   107 |    50 ||   157
         Headbutt          |    19 |    10 ||    29
  Throw: Dart              |     1 |     3 ||     4
 Invoke: Curse Item        |     1 |       ||     1
    Use: Potion            |       |     1 ||     1
   Stab: Sleeping          |     8 |     1 ||     9
 Armour: Robe              |    31 |    26 ||    57
  Dodge: Dodged            |    59 |    24 ||    83
